 Dungeon Crawl Stone Soup version 0.31.0-11-ge490571c62 (console) character file.

Game seed: 15706891836802744983

23 Banquo the Apothecary (level 3, -6/29 HPs)
             Began as a Djinni Air Elementalist on Feb 7, 2024.
             Mangled by a black bear (8 damage)
             ... created by the rage of Trog
             ... on level 1 of the Dungeon.
             The game lasted 00:01:45 (612 turns).

Banquo the Apothecary (Djinni Air Elementalist)      Turns: 612, Time: 00:01:45

Health: -6/29      AC:  2    Str:  7    XL:     3   Next: 10%
Gold:   13         EV: 12    Int: 24    God:
                   SH:  0    Dex: 13

rFire   + + .        (no weapon)
rCold   x . .        (no shield)
rNeg    . . .        a - +0 robe
rPois   ∞            (no helmet)
rElec   .            (no cloak)
rCorr   .            (no gloves)
SInv    .            (boots unavailable)
Will    .....        (no amulet)
Stlth   ++           b - +6 ring of intelligence
HPRegen 0.24/turn    (no ring)
MPRegen 0.00/turn

%: infuse magic (-7 HP)
@: flying
A: sickness immunity, fire resistance 2, cold vulnerability 1, float, innate
caster, HP casting, extra vitality 1
a: no special abilities


You were on level 1 of the Dungeon.
You visited 1 branch of the dungeon, and saw 1 of its levels.

You collected 13 gold pieces.

Inventory:

Armour
 a - a +0 robe (worn)
Jewellery
 b - a +6 ring of intelligence (left hand)
Scrolls
 c - a scroll of noise {unknown}
 d - 4 scrolls of fog {unknown}
 f - a scroll of amnesia {unknown}
 g - a scroll of revelation {unknown}
 i - a scroll of teleportation {unknown}
Potions
 e - a potion of enlightenment {unknown}
 h - a potion of haste {unknown}


   Skills:
 * Level 2.4 Fighting
 - Level 2.1 Dodging
 - Level 1.5 Stealth
 - Level 3.1 Spellcasting
 - Level 3.1 Conjurations
 - Level 3.1 Hexes
 - Level 3.1 Summonings
 - Level 3.1 Necromancy
 - Level 3.1 Translocations
 - Level 3.1 Fire Magic
 - Level 3.1 Ice Magic
 - Level 3.1 Air Magic
 - Level 3.1 Earth Magic
 - Level 3.1 Alchemy


You knew the following spells:

 Your Spells              Type           Power      Damage    Failure   Level
a - Shock                 Conj/Air       72%        1d7       3%          1
b - Static Discharge      Conj/Air       36%        3-5/arc   4%          2
c - Swiftness             Air            18%        N/A       9%          3
d - Airstrike             Air            9%         2d(2-18)  28%         4
e - Summon Small Mammal   Summ           72%        N/A       3%          1
Your spell library was empty.

Dungeon Overview and Level Annotations

Branches:
Dungeon (1/15)

Altars:
Trog


Innate Abilities, Weirdness & Mutations

You are immune to sickness and miasma.
You are immune to poison.
Your flesh is very heat resistant. (rF++)
You are vulnerable to cold. (rC-)
You float through the air rather than walking.
You learn spells naturally, not from books.
Your magical power is your life essence.
You have superior vitality. (+4 MHP)


Message History

Unknown command.
Casting: Shock (safe; 3% risk of failure)
Confirm with . or Enter, or press ? or * to list all spells.
You don't know that spell.
Casting: Shock (safe; 3% risk of failure)
Confirm with . or Enter, or press ? or * to list all spells.
The black bear is struck by an arc of lightning.
The black bear is lightly wounded.
You are struck by an arc of lightning.
The black bear is struck by an arc of lightning.
The black bear is moderately wounded.
You are struck by an arc of lightning.
The lightning grounds out.
The polar bear is struck by an arc of lightning.
The black bear is struck by an arc of lightning.
The black bear is lightly wounded.
The polar bear is struck by an arc of lightning.
The polar bear is lightly wounded.
The lightning grounds out.
Unknown command.
Casting: Static Discharge (safe; 4% risk of failure)
Confirm with . or Enter, or press ? or * to list all spells.
The black bear is struck by an arc of lightning.
The black bear is moderately wounded.
The black bear is struck by an arc of lightning.
The black bear is lightly wounded.
The black bear is struck by an arc of lightning.
The black bear is heavily wounded.
You are struck by an arc of lightning.
The lightning grounds out.
The polar bear is struck by an arc of lightning.
The polar bear is lightly wounded.
You are struck by an arc of lightning.
The black bear is struck by an arc of lightning.
The black bear is heavily wounded.
You are struck by an arc of lightning.
The lightning grounds out.
The polar bear bites you!
* * * LOW HITPOINT WARNING * * *
The polar bear barely misses you. The polar bear claws you.
* * * LOW HITPOINT WARNING * * *
The black bear bites you!
You die...

###.#.###.# #.......#
## ###.##### .. #.#
###.##.########
#..............
#.#.#.##.########
#.)...#hh.##
########.##.@...#
#.........##hh...#
#.....#######....#
#.#...#### .....##
#.#......###.≈≈.#
#.#....#...#.≈≈.#
#####.#....#.<.#....#
#.....#.≈≈.#...#....#
#.###.#.≈≈.###...


You could see a polar bear (berserk) and 3 black bears.

Vanquished Creatures
  3 dart slugs (D:1)
  A ball python (D:1)
  3 endoplasms (D:1)
  A goblin (D:1)
  A hobgoblin (D:1)
  A kobold (D:1)
  A quokka (D:1)
  3 frilled lizards (D:1)
  2 rats (D:1)
16 creatures vanquished.

Notes
Turn   | Place    | Note
-------+----------+-------------------------------------------
     0 | D:1      | Banquo the Djinni Air Elementalist began the quest for the
                  | Orb.
     0 | D:1      | Banquo set off with the following spells memorised: Shock,
                  | Static Discharge, Swiftness, Airstrike.
     0 | D:1      | Reached XP level 1. HP: 15/15 MP: 0/0
    90 | D:1      | Found a faded altar of an unknown god.
    97 | D:1      | Prayed at the altar of an unknown god.
    97 | D:1      | Became a worshipper of Trog the Wrathful
    97 | D:1      | Reached * piety under Trog
   104 | D:1      | Fell from the grace of Trog
   153 | D:1      | Reached skill level 1 in Fighting
   243 | D:1      | Reached XP level 2. HP: 19/22 MP: 0/0
   569 | D:1      | Reached XP level 3. HP: 25/29 MP: 0/0
   569 | D:1      | Learned a level 1 spell: Summon Small Mammal
   611 | D:1      | Noticed a polar bear
   611 | D:1      | Noticed a black bear
   611 | D:1      | Noticed a black bear
   611 | D:1      | Noticed a black bear
   612 | D:1      | Mangled by a black bear

Illustrated notes

Levels and vault maps discovered:
D:1:      amcnicky_arrival_double_pillar, layout_loops_corners,
          ebering_ecumenical_altar_abandoned

Skill      XL: |  1  2 |
---------------+-------+-----
Fighting       | 1 2 |  2.4
Dodging        | |  2.1
Stealth        | |  1.5
Spellcasting   | |  3.1
Conjurations   | |  3.1
Hexes          | |  3.1
Summonings     | |  3.1
Necromancy     | |  3.1
Translocations | |  3.1
Fire Magic     | |  3.1
Ice Magic      | |  3.1
Air Magic      | |  3.1
Earth Magic    | |  3.1
Alchemy        | |  3.1

Action                     || total
---------------------------++-------
   Cast: Shock             ||    31
         Static Discharge  ||     2
 Invoke: Renounce Religion ||     1
 Armour: Robe              ||     8
  Dodge: Dodged            ||     1
